 Dungeon Crawl Stone Soup version 0.25-a0-294-gea9b1ad378 (webtiles) character file.

Game seed: 13855643310723388978, levelgen mode: classic

16782 Borgoz the Basher (level 12, -2/76 HPs)
             Began as a Gargoyle Gladiator on Dec 18, 2019.
             Was a High Priest of Okawaru.
             Shot with an arrow by Nessos (8 damage)
             ... on level 12 of the Dungeon.
             The game lasted 00:21:01 (11604 turns).

Borgoz the Basher (Gargoyle Gladiator)             Turns: 11604, Time: 00:21:02

Health: -2/76      AC: 25    Str: 23    XL:     12   Next: 41%
Magic:  17/17      EV: 16    Int: 10    God:    Okawaru [*****.]
Gold:   551        SH:  0    Dex: 14    Spells: 11/11 levels left

rFire    + . .     SeeInvis +   x - +5 morningstar
rCold    + . .     Gourm    .   (no shield)
rNeg     + . .     Faith    .   u - +3 leather armour of Patience {MR+ Str+4 Slay+2 SInv}
rPois    ∞         Spirit   .   t - +2 helmet
rElec    +         Reflect  .   J - scarf {rC+ rF+}
rCorr    .         Harm     .   (no gloves)
MR       ++...                  L - +0 pair of boots
Stlth    +.........             h - amulet of rage
HPRegen  0.22/turn              b - +5 ring of protection
MPRegen  0.15/turn              M - ring of protection from magic

@: berserk cooldown, very slightly contaminated, slowed, very slow
A: negative energy resistance 1, electricity resistance, unbreathing,
petrification resistance, rot immunity, AC +8
a: Heroism, Finesse, Renounce Religion, Evoke Berserk Rage


You were on level 12 of the Dungeon.
You worshipped Okawaru.
Okawaru was extremely pleased with you.
You were not hungry.

You visited 2 branches of the dungeon, and saw 13 of its levels.

You collected 551 gold pieces.

Inventory:

Hand Weapons
 x - a +5 morningstar (weapon)
 E - a +5 quick blade
Missiles
 d - 3 throwing nets (quivered)
Armour
 t - a +2 helmet (worn)
 u - the +3 leather armour of Patience (worn) {MR+ Str+4 Slay+2 SInv}
   (You found it on level 4 of the Dungeon)

   It affects your strength (+4).
   It affects your accuracy and damage with ranged weapons and melee attacks
   (+2).
   It affects your resistance to hostile enchantments.
   It lets you see invisible.
 B - the +6 scale mail "Seohurre" {rF+ rCorr}
   (You found it on level 10 of the Dungeon)

   It protects you from fire.
   It provides partial protection from all sources of acid and corrosion.
 J - a scarf of resistance (worn)
 L - a +0 pair of boots (worn)
Jewellery
 b - a +5 ring of protection (left hand)
 h - an amulet of rage (around neck)
 K - an uncursed amulet of the gourmand
 M - a ring of protection from magic (right hand)
Wands
 a - a wand of iceblast (8)
 r - a wand of polymorph (7)
 A - a wand of enslavement (20)
 C - a wand of flame (26)
Scrolls
 c - a scroll of enchant weapon
 e - 3 scrolls of fog {unknown}
 j - 3 scrolls of immolation {unknown}
 m - 3 scrolls of teleportation {unknown}
 n - 7 scrolls of remove curse
 p - a scroll of enchant armour {unknown}
 v - a scroll of noise {unknown}
 y - a scroll of amnesia
 z - a scroll of fear
 D - 2 scrolls of brand weapon
 F - a scroll of holy word
 G - a scroll of magic mapping {unknown}
 H - a scroll of torment {unknown}
Potions
 g - 4 potions of lignification
 k - 3 potions of brilliance
 l - 3 potions of flight
 o - a potion of heal wounds
 q - 3 potions of agility
 s - a potion of magic
 w - 2 potions of curing
Comestibles
 f - 26 rations
 I - 4 chunks of flesh


   Skills:
 + Level 9.0 Fighting
 + Level 1.0 Short Blades
 + Level 11.3 Maces & Flails
 - Level 1.7 Throwing
 + Level 8.6 Armour
 + Level 7.3 Dodging
 - Level 7.2 Invocations
 - Level 5.9 Evocations


You had 11 spell levels left.
You didn't know any spells.
Your spell library contained the following spells:

 Spells                   Type           Power        Failure   Level  Hunger
 Beastly Appendage        Tmut           #.....       38%         1    ##.....
 Sticks to Snakes         Tmut           #.......     54%         2    ###....
 Spider Form              Tmut/Pois      #.........   77%         3    ####...
 Ice Form                 Ice/Tmut       #.......     99%         4    #####..
 Blade Hands              Tmut           #.........   100%        5    ######.


Dungeon Overview and Level Annotations

Branches:
Dungeon (12/15)            Temple (1/1) D:5            Lair (0/6) D:9
    Orc (0/2) D:10

Altars:
Ashenzari
Cheibriados
Dithmenos
Elyvilon
Fedhas
Gozag
Hepliaklqana
Kikubaaqudgha
Makhleb
Nemelex Xobeh
Okawaru
Qazlal
Ru
Sif Muna
Trog
Uskayaw
Vehumet
Wu Jian
Xom
Yredelemnul
Zin
The Shining One
Beogh

Portals:
Trove: D:11 (give 10 potions of heal wounds)

Annotations:
D:12 Nessos


Innate Abilities, Weirdness & Mutations

You are resistant to torment.
Your stone body is resilient. (AC +8)
You are immune to poison.
You resist negative energy. (rN+)
You are resistant to electric shocks. (rElec)
You can survive without breathing.
You are immune to petrification.
You are immune to rotting.


Message History

You eat one of the 5 chunks of flesh.
This raw flesh tastes terrible.
Nessos shoots an arrow.
The arrow hits you!
* * * LOW HITPOINT WARNING * * *
The arrow burns you.
* * * LOW HITPOINT WARNING * * *
Unknown command.
You feel better.
Nessos blinks!
Nessos shoots an arrow.
The arrow hits you!
* * * LOW HITPOINT WARNING * * *
The arrow burns you.
* * * LOW HITPOINT WARNING * * *
Nessos shoots an arrow.
The arrow barely misses you.
Unknown command.
Blink to where?
Press: ? - help, Dir - move target cursor You are very lightly contaminated with residual magic.
As you read the scroll of blinking, it crumbles to dust.
Okay, then.
Okay, then.
Nessos shoots an arrow.
The arrow hits you!
You die...

#..#.....###.###########..(....#
#...........................#.###
#.##.....#.......#######.##.#....
#. #..............# #.##.####. #.
#..............######.##.####. #.
#..............#......##...... #.
#.....#........#.#############
.........+........#.#
####.....#......@.#.##
#.....#.....)..#..##
#.....########.#(..### #######
#.#c....# #.#(....# #.#.._..#
#.#.....# #c#(....# #.#(#..##


You could see Nessos.

Vanquished Creatures
  A centaur warrior (D:9)
  3 death yaks (D:9)
  Erica (D:8)
  5 two-headed ogres
  Urug (D:11)
  An unseen horror (D:10)
  The ghost of saltlakrits the Chopper, a novice NaBe of Trog (D:5)
  A troll (D:11)
  Grinder (D:3)
  A hippogriff (D:11)
  9 yaks (D:10)
  A steam dragon (D:8)
  4 wyverns
  2 hungry ghosts
  Menkaure (D:6)
  2 vampire mosquitoes (D:10)
  Edmund (D:6)
  Duvessa (D:7)
  3 sky beasts
  A phantom (D:10)
  2 ice beasts
  2 black bears
  2 orc warriors
  9 ogres
  An eye of draining (D:9)
  A crocodile (D:8)
  9 centaurs
  2 big kobolds
  9 bullfrogs
  2 gnoll sergeants
  Dowan (D:7)
  A water moccasin zombie (D:8)
  2 scorpions
  12 killer bees
  3 wights (D:6)
  A howler monkey (D:11)
  2 crimson imps
  2 bullfrog zombies
  A centaur zombie (D:6)
  7 hounds
  2 jellies
  5 orc priests
  A bullfrog skeleton (D:5)
  2 centaur skeletons
  2 iguanas
  6 orc wizards
  3 worker ants
  3 hound skeletons
  A worker ant zombie (D:10)
  7 adders
  8 gnolls
  2 adder skeletons
  4 worms
  2 dart slugs (D:2)
  2 leopard geckos (D:5)
  32 orcs
  6 giant cockroaches
  10 goblins
  4 hobgoblins
  9 quokkas
  7 bats
  A frilled lizard (D:1)
  9 kobolds
  A leopard gecko skeleton (D:4)
  24 rats
265 creatures vanquished.

Vanquished Creatures (others)
  A wizard (D:7)
  A rat (D:9)
2 creatures vanquished.

Grand Total: 267 creatures vanquished

Notes
Turn   | Place    | Note
-------+----------+-------------------------------------------
     0 | D:1      | Borgoz the Gargoyle Gladiator began the quest for the Orb.
     0 | D:1      | Reached XP level 1. HP: 12/12 MP: 1/1
   149 | D:1      | Reached XP level 2. HP: 18/18 MP: 2/2
   746 | D:2      | Reached XP level 3. HP: 20/22 MP: 3/3
   785 | D:2      | Reached skill level 1 in Armour
   786 | D:2      | HP: 1/22 [worm (5)]
  1172 | D:2      | Reached XP level 4. HP: 27/27 MP: 4/4
  1681 | D:3      | Noticed Grinder
  1716 | D:3      | Killed Grinder
  1716 | D:3      | Reached skill level 4 in Maces & Flails
  1716 | D:3      | Reached XP level 5. HP: 12/32 MP: 5/5
  1716 | D:3      | Reached XP level 6. HP: 14/37 MP: 6/6
  2058 | D:3      | Reached skill level 5 in Maces & Flails
  2620 | D:4      | Got a brightly glowing leather armour
  2647 | D:4      | Identified the +3 leather armour of Patience {MR+ Str+4
                  | Slay+2 SInv} (You found it on level 4 of the Dungeon)
  2853 | D:4      | Reached XP level 7. HP: 18/42 MP: 7/7
  3071 | D:4      | You fall into a shaft and drop 3 floors!
  3430 | D:5      | Entered Level 5 of the Dungeon
  3845 | D:4      | Found a sparkling altar of Nemelex Xobeh.
  3960 | D:4      | Found a shadowy altar of Dithmenos.
  4202 | D:5      | Found a transporter.
  4204 | D:5      | Found a transporter.
  4204 | D:5      | Noticed saltlakrits's ghost (novice NaBe)
  4514 | D:5      | Reached skill level 6 in Maces & Flails
  4536 | D:5      | Found a staircase to the Ecumenical Temple.
  4596 | D:5      | Found a glowing silver altar of Zin.
  4623 | Temple   | Entered the Ecumenical Temple
  4749 | Temple   | Became a worshipper of Warmaster Okawaru
  4989 | D:6      | Reached XP level 8. HP: 37/48 MP: 8/8
  5157 | D:6      | Found a shimmering blue altar of Sif Muna.
  5157 | D:6      | Found a white marble altar of Elyvilon.
  5157 | D:6      | Found a snail-covered altar of Cheibriados.
  5216 | D:6      | Noticed Edmund
  5223 | D:6      | Killed Edmund
  5223 | D:6      | Reached skill level 5 in Fighting
  5226 | D:6      | Reached skill level 1 in Invocations
  5255 | D:6      | Noticed Menkaure
  5263 | D:6      | Killed Menkaure
  5263 | D:6      | Reached * piety under Okawaru
  5263 | D:6      | Reached skill level 1 in Evocations
  5636 | D:7      | Reached skill level 7 in Maces & Flails
  5689 | D:7      | Found a bloodstained altar of Trog.
  5690 | D:7      | Noticed a wizard
  5695 | D:7      | Killed a wizard
  6048 | D:7      | Noticed Dowan
  6049 | D:7      | Noticed Duvessa
  6061 | D:7      | Killed Duvessa
  6070 | D:7      | Killed Dowan
  6070 | D:7      | Reached XP level 9. HP: 40/54 MP: 10/10
  6184 | D:7      | Reached skill level 5 in Armour
  6270 | D:7      | Found a bloodstained altar of Trog.
  6278 | D:7      | Reached skill level 5 in Dodging
  6287 | D:7      | Reached ** piety under Okawaru
  6755 | D:8      | Reached skill level 8 in Maces & Flails
  7081 | D:8      | Noticed Erica
  7088 | D:8      | Killed Erica
  7088 | D:8      | Reached *** piety under Okawaru
  7088 | D:8      | Reached XP level 10. HP: 58/61 MP: 11/13
  7419 | D:8      | Noticed a two-headed ogre
  7427 | D:8      | Killed a two-headed ogre
  7427 | D:8      | Reached **** piety under Okawaru
  7427 | D:8      | Reached skill level 9 in Maces & Flails
  7807 | D:5      | Killed saltlakrits's ghost
  7975 | D:9      | Noticed a death yak
  7983 | D:9      | Noticed a death yak
  7983 | D:9      | Noticed a death yak
  8002 | D:9      | Killed a death yak
  8002 | D:9      | Reached skill level 5 in Invocations
  8010 | D:9      | Killed a death yak
  8010 | D:9      | Reached ***** piety under Okawaru
  8010 | D:9      | Reached XP level 11. HP: 54/67 MP: 13/15
  8020 | D:9      | Killed a death yak
  8081 | D:9      | Reached skill level 10 in Maces & Flails
  8223 | D:9      | Found a staircase to the Lair.
  8275 | D:9      | Found a radiant altar of Vehumet.
  8312 | D:9      | Found an opulent altar of Gozag.
  8451 | D:9      | Got a crude leather armour
  8601 | D:9      | Identified the +1 leather armour "Xulon" {rElec rF- MP+9
                  | Int+2} (You found it on level 9 of the Dungeon)
  8810 | D:10     | Entered Level 10 of the Dungeon
  8812 | D:10     | Noticed a two-headed ogre
  8813 | D:10     | Noticed a centaur warrior
  8838 | D:9      | Killed a centaur warrior
  8838 | D:9      | Received a gift from Okawaru
  9088 | D:10     | Got a dazzling scale mail
  9100 | D:10     | Identified the +6 scale mail "Seohurre" {rF+ rCorr} (You
                  | found it on level 10 of the Dungeon)
  9330 | D:10     | Killed an unseen horror
  9330 | D:10     | Reached skill level 5 in Evocations
  9766 | D:10     | Found a staircase to the Orcish Mines.
  9778 | D:10     | Killed a two-headed ogre
 10028 | D:10     | Found a roughly hewn altar of Beogh.
 10051 | D:10     | Found a basalt altar of Yredelemnul.
 10270 | D:11     | Reached XP level 12. HP: 65/75 MP: 17/17
 10305 | D:11     | Noticed Urug
 10305 | D:11     | Noticed a two-headed ogre
 10323 | D:11     | Killed a two-headed ogre
 10323 | D:11     | Reached skill level 11 in Maces & Flails
 10333 | D:11     | Killed Urug
 10495 | D:11     | Noticed a two-headed ogre
 10508 | D:11     | Killed a two-headed ogre
 10731 | D:11     | Received a gift from Okawaru
 10843 | D:11     | Found a portal to a secret trove of treasure.
 11468 | D:12     | Noticed a two-headed ogre
 11473 | D:12     | Killed a two-headed ogre
 11473 | D:12     | Reached skill level 1 in Short Blades
 11576 | D:12     | Found a shattered altar of Ashenzari.
 11578 | D:12     | Noticed Nessos
 11604 | D:12     | Shot with an arrow by Nessos

Levels and vault maps discovered:
D:1:      dpeg_arrival_stonehenge_8_columns, layout_loops_ring
D:2:      layout_loops_cross, minmay_rat_hole
D:3:      layout_loops_ring, uniq_grinder
D:4:      layout_loops_corners, kennysheep_little_box,
          nicolae_overflow_hidden_temple
D:5:      layout_basic, zin_statuary, temple_doors_e, gammafunk_ghost_arena,
          first_ration, minmay_hedge_maze, minmay_liquid_box,
          hangedman_decor_slide_cut
D:6:      layout_loops_ring, gammafunk_temple_overflow_forgotten, serial_rivers,
          chequers_serial_rivers_marsh, chequers_serial_rivers_large_a,
          chequers_serial_rivers_micro_d, chequers_serial_rivers_micro_a,
          uniq_edmund, uniq_menkaure
D:7:      layout_basic, old_standard_altar, trog_wizard, uniq_duvessa
D:8:      layout_basic, uniq_erica
D:9:      layout_basic, overflow_temple_1_default, dpeg_lair_monsters,
          grunt_gozag_breadcrumbs
D:10:     layout_rooms, minmay_orc_entry_temple_small, basic_altar,
          grunt_ogre_cave
D:11:     layout_roguey, enter_trove_3, uniq_urug
D:12:     layout_basic, serial_shops, shop, basic_altar, uniq_nessos
Temple:   eino_narrow_crystal_temple

Skill      XL: |  1  2  3  4  5  6  7  8  9 10 11 12 |
---------------+-------------------------------------+-----
Armour         | 1 2 3 4 6 7 8 |  8.6
Dodging        | 3 4 5 6 7 |  7.3
Fighting       | 3 4 5 6 7 8 9 |  9.0
Maces & Flails | 4 5 6 7 8 9 10 11 | 11.3
Invocations    | 2 4 5 6 7 |  7.2
Evocations     | 1 3 4 5 |  5.9
Short Blades   | 1 |  1.0
Throwing       | |  1.7

Action                   |  1- 3 |  4- 6 |  7- 9 | 10-12 || total
-------------------------+-------+-------+-------+-------++-------
Melee: Flail             |   128 |   121 |   124 |       ||   373
       Morningstar       |       |       |   159 |   486 ||   645
Throw: Throwing net      |       |     6 |       |     1 ||     7
Invok: Heroism           |       |       |     1 |     2 ||     3
 Abil: Evoke Berserk Rag |       |       |     2 |     6 ||     8
  Use: Potion            |     1 |       |       |     4 ||     5
       Scroll            |       |       |     6 |    11 ||    17
 Stab: Held in net/web   |       |     2 |       |     1 ||     3
       Sleeping          |       |       |     1 |       ||     1
  Eat: Chunk             |     1 |     4 |    15 |    20 ||    40
       Ration            |       |       |     1 |     1 ||     2
Armor: Leather armour    |    77 |    36 |   131 |   130 ||   374
       Skin              |       |       |       |    36 ||    36
       Scale mail        |       |       |       |   160 ||   160
Dodge: Dodged            |   118 |    76 |   203 |   386 ||   783

Table legend:
 A = Non-vault XP
 B = Vault XP
 C = Vault XP percentage of total XP
 D = Non-vault monster count
 E = Vault monster count
 F = Vault count percentage of total count
                 A         B        C        D         E       F
            +---------+---------+-------+---------+---------+-------
      Total |   17535 |    6440 |  26.9 |     216 |      49 |  18.5
            +---------+---------+-------+---------+---------+-------
        D:1 |      24 |       0 |   0.0 |      17 |       0 |   0.0
        D:2 |      83 |      20 |  19.4 |      19 |      19 |  50.0
        D:3 |     148 |     272 |  64.8 |      14 |       1 |   6.7
        D:4 |     124 |       0 |   0.0 |       3 |       0 |   0.0
        D:5 |     271 |     789 |  74.4 |      13 |       5 |  27.8
        D:6 |     583 |     352 |  37.6 |      15 |       2 |  11.8
        D:7 |     920 |     228 |  19.9 |      15 |       2 |  11.8
        D:8 |    2594 |     870 |  25.1 |      31 |       1 |   3.1
        D:9 |    2229 |    2623 |  54.1 |      23 |      10 |  30.3
       D:10 |    5117 |     423 |   7.6 |      40 |       8 |  16.7
       D:11 |    4193 |     863 |  17.1 |      19 |       1 |   5.0
       D:12 |    1249 |       0 |   0.0 |       7 |       0 |   0.0
            +---------+---------+-------+---------+---------+-------
